 Dungeon Crawl Stone Soup version 0.30-a0-371-gad7725a93e (webtiles) character file.

Game seed: 5001318855865041184

4426 Engwar the Grappler (level 10, -1/98 HPs)
             Began as a Troll Gladiator on Nov 22, 2022.
             Was a Follower of Wu Jian.
             Slain by a tengu warrior
             ... wielding a +0 halberd
              (15 damage)
             ... on level 8 of the Dungeon.
             The game lasted 00:15:32 (6378 turns).

Engwar the Grappler (Troll Gladiator)               Turns: 6378, Time: 00:15:32

Health: -1/98      AC: 11    Str: 24    XL:     10   Next: 14%
Magic:  9/9        EV: 11    Int: 14    God:    Wu Jian [*.....]
Gold:   576        SH:  0    Dex: 11    Spells: 9/9 levels left

rFire   . . .      SeeInvis .      - Unarmed
rCold   . . .      Faith    .    (no shield)
rNeg    . . .      Spirit   .    k - +0 steam dragon scales
rPois   .          Reflect  .    b - +0 hat
rElec   .          Harm     .    y - +2 cloak {rCorr}
rCorr   +          Rampage  .    (gloves unavailable)
Will    .....                    (boots unavailable)
Stlth   +.........               (no amulet)
HPRegen 1.16/turn                p - +6 ring of intelligence
MPRegen 0.11/turn                (no ring)

@: about to teleport, on berserk cooldown, slowed, very slow
A: large, unfitting armour, claws 3, regeneration 1, shaggy fur 1, tough skin 1
a: Renounce Religion


You were on level 8 of the Dungeon.
You worshipped Wu Jian.
Wu Jian was aware of your devotion.
You visited 2 branches of the dungeon, and saw 9 of its levels.

You collected 576 gold pieces.

Inventory:

Missiles
 c - 3 throwing nets
 d - a large rock
 g - 2 curare-tipped darts (quivered)
 n - 5 javelins
 q - 2 atropa-tipped darts
Armour
 b - a +0 hat (worn)
 k - +0 steam dragon scales (worn)
 y - a +2 cloak of preservation (worn)
Jewellery
 f - an amulet of guardian spirit
 p - a +6 ring of intelligence (left claw)
Wands
 i - a wand of polymorph (12)
 r - a wand of iceblast (12)
 x - a wand of flame (31)
Scrolls
 m - 3 scrolls of enchant weapon
 o - 2 scrolls of poison
 t - 2 scrolls of teleportation
Potions
 e - 2 potions of heal wounds
 h - a potion of haste
 j - 4 potions of mutation
 l - a potion of attraction
 u - 2 potions of curing
 w - 2 potions of lignification
 z - a potion of ambrosia {unknown}


   Skills:
 + Level 5.7 Fighting
 - Level 1.7 Throwing
 + Level 5.3 Armour
 + Level 6.0 Dodging
 * Level 9.9 Unarmed Combat


You had 9 spell levels left.
You didn't know any spells.
Your spell library contained the following spells:

 Spells                   Type           Power      Damage    Failure   Level
 Kiss of Death            Conj/Necr      0%         2d5       28%         1
 Sandblast                Erth           0%         2d4       28%         1
 Passwall                 Tmut/Erth      0%         N/A       41%         2
 Confusing Touch          Hex            0%         N/A       65%         3
 Stone Arrow              Conj/Erth      0%         3d7       65%         3
 Dispel Undead            Necr           0%         3d6       96%         4


Dungeon Overview and Level Annotations

Branches:
Dungeon (8/15)             Temple (1/1) D:5
   Lair: D:8-11

Altars:
Ashenzari
Dithmenos
Elyvilon
Fedhas
Gozag
Kikubaaqudgha
Nemelex Xobeh
Okawaru
Qazlal
Ru
Sif Muna
Trog
Uskayaw
Vehumet
Wu Jian
Xom
Yredelemnul
The Shining One

Shops:
D:1 [[=[*   D:7 :**(

Annotations:
Temple 2 transporters


Innate Abilities, Weirdness & Mutations

You are too large for most types of armour.
You have claws for hands.
Your natural rate of healing is unusually fast.
You are covered in fur. (AC +1)
You have tough skin. (AC +1)


Message History

* * * LOW HITPOINT WARNING * * *
The tengu warrior barely misses you.
The tengu warrior claws you but does no damage.
The jelly hits you but does no damage.
There is an open door, spattered with blood here.
Items here: ))) [[ †.
You mangle the tengu warrior!!
The tengu warrior is heavily wounded.
The tengu warrior hits you with a +0 halberd.
* * * LOW HITPOINT WARNING * * *
The tengu warrior barely misses you.
The tengu warrior claws you but does no damage.
The orc wizard casts a spell.
The orc wizard flickers and vanishes!
Deactivating autopickup; reactivate with Ctrl-A.
The jelly hits you but does no damage.
You barely miss the tengu warrior.
The tengu warrior is heavily wounded.
You are no longer berserk.
You are exhausted.
You feel yourself slow down.
Unknown command.
Unknown command.
As you read the scroll of teleportation, it crumbles to dust.
You feel strangely unstable.
The tengu warrior hits you with a +0 halberd.
* * * LOW HITPOINT WARNING * * *
The tengu warrior misses you.
The tengu warrior claws you but does no damage.
The jelly hits you but does no damage.
The tengu warrior hits you with a +0 halberd!
* * * LOW HITPOINT WARNING * * *
The tengu warrior misses you. The tengu warrior barely misses you.
The jelly barely misses you.
The tengu warrior attacks as you move away!
The tengu warrior hits you but does no damage.
The tengu warrior barely misses you.
The tengu warrior claws you but does no damage.
The tengu warrior hits you from afar with a +0 halberd!
You die...

#############
.............
########.##...
#######...†....##...
#.....†.#..#.#######
#.#.#.#..##..#
#..#..#..##..#
#.#.#.#.#..#.#
#.†@..#......#
##)###########
#QJ{o#.. ..#
#.##.#.#.#..#
#.##.'..F#+##
#....#### ######


You could see a tengu warrior.

Vanquished Creatures
  A hornet (D:8)
  A wyvern (D:8)
  6 yaks (D:8)
  A steam dragon (D:6)
  3 water moccasins
  3 ice beasts
  A black bear (D:5)
  5 ogres
  3 centaurs
  A phantom (D:4)
  5 scorpions
  5 bullfrogs
  A necrophage (D:6)
  7 wights
  4 howler monkeys
  Crazy Yiuf (D:6)
  A hound (D:4)
  3 orc priests
  2 iguanas
  3 orc wizards
  Robin (D:4)
  5 adders
  3 white imps
  2 ufetubi
  4 worms
  3 dart slugs
  25 orcs
  11 ball pythons
  7 bats
  8 endoplasms
  5 giant cockroaches
  15 goblins
  15 hobgoblins
  3 quokkas
  5 frilled lizards
  8 kobolds
  5 rats
182 creatures vanquished.

Notes
Turn   | Place    | Note
-------+----------+-------------------------------------------
     0 | D:1      | Engwar the Troll Gladiator began the quest for the Orb.
     0 | D:1      | Reached XP level 1. HP: 19/19 MP: 0/0
    44 | D:1      | Found Sizax's Armour Boutique.
    76 | D:1      | Found Epiwnial's Armour Emporium.
   117 | D:1      | Found Sustaor's Jewellery Shoppe.
   165 | D:1      | Found Qike's Armour Boutique.
   171 | D:1      | Reached XP level 2. HP: 28/28 MP: 1/1
   393 | D:1      | Reached XP level 3. HP: 35/35 MP: 2/2
   719 | D:1      | Found Nexzaobe's General Store.
  1036 | D:2      | Reached skill level 1 in Armour
  1219 | D:2      | Reached XP level 4. HP: 32/42 MP: 3/3
  1247 | D:2      | Noticed an ogre
  1267 | D:2      | Killed an ogre
  1268 | D:2      | Reached skill level 4 in Unarmed Combat
  1268 | D:2      | Reached XP level 5. HP: 30/50 MP: 4/4
  1990 | D:3      | Identified the +11 dagger "Zituacw" {freeze, rF+ Dex+5}
  2520 | D:4      | Noticed a phantom
  2539 | D:4      | Killed a phantom
  2540 | D:4      | Reached XP level 6. HP: 59/59 MP: 5/5
  2585 | D:4      | Reached skill level 5 in Unarmed Combat
  2697 | D:4      | Noticed Robin
  2704 | D:4      | Killed Robin
  3060 | D:5      | Entered Level 5 of the Dungeon
  3135 | D:5      | Noticed a water moccasin
  3151 | D:5      | Killed a water moccasin
  3152 | D:5      | Reached XP level 7. HP: 22/67 MP: 6/6
  3154 | D:5      | Found a stormy altar of Qazlal.
  3344 | D:4      | Reached skill level 6 in Unarmed Combat
  3399 | D:5      | Found a staircase to the Ecumenical Temple.
  3409 | Temple   | Entered the Ecumenical Temple
  3409 | Temple   | Found a transporter.
  3409 | Temple   | Found a transporter.
  3411 | Temple   | Found a transporter.
  3411 | Temple   | Found a transporter.
  3434 | Temple   | Became a worshipper of the Wu Jian Council
  3585 | D:5      | Reached XP level 8. HP: 69/78 MP: 7/7
  3678 | D:5      | Reached skill level 7 in Unarmed Combat
  4350 | D:6      | Found the +6 shillelagh "Devastator" {shatter}
  4542 | D:6      | Reached skill level 8 in Unarmed Combat
  4663 | D:6      | Found a runed translucent door.
  4664 | D:6      | Identified a +2 cloak of preservation
  4664 | D:6      | Noticed Crazy Yiuf
  4823 | D:6      | Killed Crazy Yiuf
  5006 | D:7      | Found Latah's Book Shoppe.
  5150 | D:7      | Reached skill level 5 in Dodging
  5150 | D:7      | Reached XP level 9. HP: 82/85 MP: 8/8
  5303 | D:7      | Reached * piety under Wu Jian
  5361 | D:7      | Found Gioggoid's Antique Weapon Boutique.
  5429 | D:7      | Found a sacrificial altar of Ru.
  5430 | D:7      | Found a bloodstained altar of Trog.
  5634 | D:7      | Found Vywonk's Assorted Antiques.
  5740 | D:7      | Found Jomeisch's General Store.
  6049 | D:8      | Reached skill level 5 in Fighting
  6094 | D:8      | Reached skill level 9 in Unarmed Combat
  6107 | D:8      | Reached skill level 5 in Armour
  6133 | D:8      | Paralysed by a hornet for 1 turns
  6222 | D:8      | Reached XP level 10. HP: 92/96 MP: 9/9
  6304 | D:8      | Noticed a tengu warrior
  6378 | D:8      | Slain by a tengu warrior

Illustrated notes

Levels and vault maps discovered:
D:1:      tarquinn_simple_flora_water_c, layout_loops_ring, serial_shops, shop,
          shop_statue, nicolae_square_shop, nicolae_diamond_shop,
          nicolae_shop_advertising_works [nicolae_subvault_shop_adworks]
D:2:      layout_basic, minmay_pentomino_p4
D:3:      layout_loops_ring, minmay_cut_off
D:4:      nicolae_BIG_FREAKIN_CUBE, layout_loops_cross, uniq_robin, uniq_sigmund
D:5:      layout_basic, amcnicky_altar_gilded, minmay_temple_entry_sparse_star
D:6:      layout_rooms, uniq_crazy_yiuf_cottage
D:7:      layout_basic, mainiacjoe_overflow_divided_tiny, serial_shops, shop,
          shop, nicolae_inconvenience_store, nicolae_shop_behind_doors
D:8:      minmay_clustersquares, layout_basic
Temple:   hellmonk_temple_divided_pantheon

Skill      XL: |  1  2  3  4  5  6  7  8  9 10 |
---------------+-------------------------------+-----
Fighting       | 2 3 4 5 |  5.7
Armour         | 1 2 3 4 5 |  5.3
Dodging        | 3 4 5 6 |  6.0
Unarmed Combat | 4 5 6 8 9 |  9.9
Throwing       | |  1.7

Action                   |  1- 3 |  4- 6 |  7- 9 | 10-12 || total
-------------------------+-------+-------+-------+-------++-------
Melee: Unarmed           |   112 |   163 |   261 |    41 ||   577
       Punch             |     2 |     1 |     7 |       ||    10
Throw: Dart              |       |     1 |       |       ||     1
       Throwing net      |       |     1 |       |       ||     1
Invok: Lunge             |       |       |    22 |     3 ||    25
       Whirlwind         |       |       |     1 |     1 ||     2
  Use: Scroll            |       |    11 |     9 |     1 ||    21
       Potion            |       |     2 |     2 |     1 ||     5
 Stab: Sleeping          |     4 |       |       |       ||     4
Armor: Robe              |    33 |    45 |    37 |       ||   115
       Steam dragon scal |       |       |    26 |    21 ||    47
Dodge: Dodged            |    36 |    72 |   120 |    26 ||   254

Table legend: (Time is in decaauts)
 A = Elapsed time spent in this place.
 B = Non-inter-level travel time spent in this place.
 C = Inter-level travel time spent in this place.
 D = Time resting spent in this place.
 E = Time spent auto-exploring this place.
 F = Levels seen in this place.
 G = Mean time per level.
                   A        B        C        D        E       F      G
               +--------+--------+--------+--------+--------+-----+--------+
         Total |   6307 |   5913 |    394 |    264 |   4235 |   9 |  700.8 |
       Dungeon |   6266 |   5872 |    394 |    264 |   4235 |   8 |  783.2 |
        Temple |     41 |     41 |      0 |      0 |      0 |   1 |   41.0 |
               +--------+--------+--------+--------+--------+-----+--------+

Top non-repeatable levels by time:
     D:7: 1092 daAuts
     D:2: 976 daAuts
     D:5: 917 daAuts
     D:1: 833 daAuts
     D:6: 765 daAuts
     D:4: 669 daAuts
     D:3: 620 daAuts
     D:8: 391 daAuts
  Temple: 41 daAuts
